 Dungeon Crawl Stone Soup version 0.29-a0-40-g8eb35efe60 (webtiles) character file.

Game seed: 15439211616033256526

3472 robertstho the Thaumaturge (level 10, -19/69 HPs)
             Began as a Djinni Fire Elementalist on Feb 1, 2022.
             Was a Believer of Makhleb.
             Demolished by Harold (24 damage)
             ... on level 8 of the Dungeon.
             The game lasted 00:12:02 (8532 turns).

robertstho the Thaumaturge (DjFE)                   Turns: 8532, Time: 00:12:03

Health: -19/69     AC: 11    Str:  7    XL:     10   Next: 27%
Gold:   302        EV: 13    Int: 27    God:    Makhleb [**....] SH:  0 Dex: 14

rFire   + + .      SeeInvis .   F - +2 war axe (elec)
rCold   x . .      Faith    .   (no shield)
rNeg    . . .      Spirit   .   a - +0 robe
rPois   ∞          Reflect  .   (no helmet)
rElec   .          Harm     .   (no cloak)
rCorr   .          Rampage  .   (no gloves)
Will    +....                   (boots unavailable)
Stlth   +.........              (no amulet)
HPRegen 0.21/turn               y - +6 ring of intelligence
MPRegen 0.00/turn               (no ring)

@: confused, ice-armoured, ambrosia-drunk, flying
A: sickness immunity, fire resistance 2, cold vulnerability 1, float, innate
caster, HP casting, extra vitality 1
a: Renounce Religion, Minor Destruction


You were on level 8 of the Dungeon.
You worshipped Makhleb.
Makhleb was pleased with you.
You visited 1 branch of the dungeon, and saw 8 of its levels.

You collected 393 gold pieces.
You spent 91 gold pieces at shops.

Inventory:

Hand Weapons
 i - a +0 falchion
 q - a +2 flail of draining
 F - a +2 war axe of electrocution (weapon)
Armour
 a - a +0 robe (worn)
 d - the +2 robe of the Little Devil {*Slow rElec rF+}
   (You found it on level 3 of the Dungeon)

   rF:        It protects you from fire.
   rElec:     It insulates you from electricity.
   *Slow:     It may slow you when you take damage.
 t - a +2 leather armour of positive energy
Jewellery
 y - a +6 ring of intelligence (left hand)
Wands
 u - a wand of mindburst (27)
 G - a wand of charming (12)
 H - a wand of acid (7)
Scrolls
 b - 2 scrolls of blinking
 e - 2 scrolls of fear
 g - a scroll of silence
 h - a scroll of fog
 l - a scroll of holy word
 r - 2 scrolls of summoning
 w - a scroll of amnesia {unknown}
 z - a scroll of teleportation
 B - a scroll of brand weapon
 D - a scroll of immolation {unknown}
 E - a scroll of identify
Potions
 c - 2 potions of might
 f - 2 potions of cancellation
 j - 2 potions of attraction {unknown}
 k - a potion of berserk rage {unknown}
 m - a potion of curing {unknown}
 n - a potion of mutation {unknown}
 o - a potion of flight {unknown}
 p - a potion of haste
 s - 2 potions of degeneration {unknown}
 v - a potion of ambrosia
 x - a potion of brilliance {unknown}
 A - a potion of lignification {unknown}
 C - a potion of heal wounds {unknown}


   Skills:
 * Level 4.3 Fighting
 + Level 1.0 Long Blades
 + Level 1.4 Maces & Flails
 + Level 3.2 Dodging
 + Level 2.9 Stealth
 * Level 9.3 Spellcasting
 * Level 4.2 Invocations


You had 5 spell levels left.
You knew the following spells:

 Your Spells              Type           Power      Damage    Failure   Level
a - Foxfire               Conj/Fire      100%       2x1d9     1%          1
b - Scorch                Fire           100%       2d10      1%          2
c - Conjure Flame         Conj/Fire      59%        6-21      1%          3
d - Inner Flame           Hex/Fire       59%        N/A       1%          3
e - Flame Wave            Conj/Fire      59%        2d11      1%          4
f - Apportation           Tloc           100%       N/A       1%          1
g - Ensorcelled Hibernat  Hex/Ice        100%       N/A       1%          2
h - Ozocubu's Armour      Ice            59%        N/A       1%          3
i - Spider Form           Tmut/Pois      59%        N/A       1%          3
Your spell library was empty.

Dungeon Overview and Level Annotations

Branches:
Dungeon (8/15)             Temple (0/1) D:7
   Lair: D:8-11

Altars:
Makhleb
Qazlal

Shops:
D:2 [?(   D:3 [   D:5 [

Annotations:
D:3 2 transporters, testman's ghost, amateur FoAK
D:8 Harold


Innate Abilities, Weirdness & Mutations

You are immune to sickness and miasma.
You are immune to poison.
Your flesh is very heat resistant. (rF++)
You are vulnerable to cold. (rC-)
You float through the air rather than walking.
You learn spells naturally, not from books.
Your magical power is your life essence.
You have superior vitality. (+4 MHP)


Message History

The howler monkey's fire resistance burns away.
The howler monkey hits you.
Casting: Scorch (safe; 1% risk of failure)
Confirm with . or Enter, or press ? or * to list all spells.
Flames lash the howler monkey.
The howler monkey is burned terribly!
You kill the howler monkey!
Makhleb accepts your kill.
You feel better.
Unknown command.
You now have 290 gold pieces (gained 15).
j - 2 fuming cyan potions (gained 1)
You see here a book of Minor Magic.
r - 2 scrolls of summoning (gained 1)
You see here a +0 leather armour.
You now have 302 gold pieces (gained 12).
Harold the Weathered comes into view.
He is wielding a +0 scimitar.
You see here a scroll of blinking.
b - 2 scrolls of blinking (gained 1) Harold fires a harpoon shot at you.
The harpoon shot hits you!
You are yanked forward by the harpoon shot.
Found a battleaxe.
Casting: Scorch (safe; 1% risk of failure)
Confirm with . or Enter, or press ? or * to list all spells.
A film of ice covers your body! Harold hits you with a +0 scimitar!!
* * * LOW HITPOINT WARNING * * *
Unknown command.
Casting: Ozocubu's Armour (safe; 1% risk of failure)
Confirm with . or Enter, or press ? or * to list all spells.
Aiming: Ensorcelled Hibernation (safe; 1% risk of failure)
Press: ? - help, Shift-Dir - straight line, f - Harold
Aim: Harold, wielding a +0 scimitar, wearing a +0 scale mail and quivering 4 throwing nets (chance to affect: 37%) Harold easily resists.
* * * LOW HITPOINT WARNING * * *
Harold hits you with a +0 scimitar!
* * * LOW HITPOINT WARNING * * *
It was a potion of ambrosia.
You are confused.
You feel invigorated. Harold hits you with a +0 scimitar!!
You die...

##.#.#.#.## .#...
##.#.##..#.##. #### ....
##.#.##..#.##)# ##..# #...
##.#.##..#.##.# ##...#
.#... ##.#.##.#:.##.#
##.#..# .....
##.#.##.#.[##.# ##.#.#.#
...#.##.#.##.#..##.#
##.#.##.#
......##.#.##.#.#.#
##.#.##.## #..##.#.##.#@#
##.#.##...#
##..##.#.##.#@##.#.##....#
##.<##.#.## ##.#.##.....#
##..##.#.###.#.##......#
#....##.#.#.#.##......<#
#.#.).##.#.#.##.......##
...###.)##.#.####.....##
...## ##.>##.##
#####.###### ..##
##..#########........#


You could see Harold.

Vanquished Creatures
  Pikel (D:5)
  A hornet (D:7)
  Sigmund (D:4)
  Eustachio (D:5)
  2 wyverns
  Menkaure (D:4)
  Edmund (D:4)
  Duvessa (D:5)
  2 water moccasins
  A sky beast (D:7)
  A black bear (D:5)
  An ogre (D:7)
  A lemure (D:5)
  A kobold brigand (D:8)
  2 bullfrogs (D:7)
  Dowan (D:5)
  2 jellies
  10 killer bees
  2 howler monkeys
  3 centaur zombies
  5 hounds
  A bullfrog zombie (D:5)
  2 iguanas (D:5)
  Ijyb (D:5)
  Natasha (thrice) (D:2)
  2 orc wizards (D:3)
  A scorpion zombie (D:5)
  2 adders
  A shadow imp (D:7)
  An ufetubus (D:6)
  3 worms
  A dart slug (D:5)
  6 orcs (D:3)
  3 ball pythons
  2 endoplasms
  7 hobgoblins
  4 jackals (D:3)
  A quokka (D:1)
  2 bats
  2 frilled lizards
  4 goblins
  9 kobolds
  6 rats
105 creatures vanquished.

Vanquished Creatures (others)
  156 foxfires
156 creatures vanquished.

Grand Total: 261 creatures vanquished

Notes
Turn   | Place    | Note
-------+----------+-------------------------------------------
     0 | D:1      | robertstho the Djinni Fire Elementalist began the quest for
                  | the Orb.
     0 | D:1      | Reached XP level 1. HP: 15/15 MP: 0/0
   605 | D:1      | Found a faded altar of an unknown god.
   952 | D:2      | Found Qoloew's Antique Armour Boutique.
   955 | D:2      | Reached XP level 2. HP: 20/22 MP: 0/0
  1072 | D:2      | Noticed Natasha
  1078 | D:2      | Killed Natasha
  1079 | D:2      | Reached skill level 3 in Spellcasting
  1079 | D:2      | Reached XP level 3. HP: 18/26 MP: 0/0
  1079 | D:2      | Learned a level 1 spell: Apportation
  1193 | D:2      | Noticed Natasha
  1195 | D:2      | Killed Natasha
  1196 | D:2      | Reached skill level 1 in Fighting
  1196 | D:2      | Reached XP level 4. HP: 24/32 MP: 0/0
  1350 | D:2      | Noticed Natasha
  1358 | D:2      | Killed Natasha
  1588 | D:2      | Found a burning altar of Makhleb.
  1604 | D:2      | Found Giddyxicw's Antique Weapon Shop.
  1627 | D:2      | Became a worshipper of Makhleb the Destroyer
  1680 | D:2      | Found Yqoupop's Magic Scroll Boutique.
  1716 | D:2      | Bought a scroll of noise for 14 gold pieces
  1716 | D:2      | Bought a scroll of identify for 28 gold pieces
  1908 | D:3      | Reached XP level 5. HP: 26/37 MP: 0/0
  1908 | D:3      | Learned a level 2 spell: Ensorcelled Hibernation
  1911 | D:3      | Identified the +2 robe of the Little Devil {*Slow rElec
                  | rF+}
  2302 | D:3      | Reached skill level 4 in Spellcasting
  2812 | D:3      | Found Igavepn's Armour Shop.
  2876 | D:3      | Noticed testman's ghost (amateur FoAK)
  2877 | D:3      | Found a transporter.
  2877 | D:3      | Identified the +2 great mace of Subterfuge {vorpal, Int+3}
  2877 | D:3      | Noticed an ogre
  2879 | D:3      | Noticed an ogre
  2890 | D:3      | Found a transporter.
  3371 | D:2      | Bought a scroll of fear for 49 gold pieces
  3576 | D:4      | Noticed Sigmund
  3580 | D:4      | Killed Sigmund
  3581 | D:4      | Reached skill level 1 in Invocations
  3581 | D:4      | Reached XP level 6. HP: 37/43 MP: 0/0
  3746 | D:4      | Reached skill level 5 in Spellcasting
  3746 | D:4      | Reached XP level 7. HP: 31/48 MP: 0/0
  3746 | D:4      | Learned a level 3 spell: Ozocubu's Armour
  3752 | D:4      | Noticed Menkaure
  3756 | D:4      | Killed Menkaure
  3966 | D:4      | Noticed Edmund
  3990 | D:3      | Reached * piety under Makhleb
  4186 | D:4      | Killed Edmund
  4367 | D:5      | Entered Level 5 of the Dungeon
  4425 | D:5      | Found Virowke's Armour Shoppe.
  4430 | D:5      | Noticed Pikel
  4435 | D:5      | Reached XP level 8. HP: 35/55 MP: 0/0
  4450 | D:5      | Killed Pikel
  4451 | D:5      | Reached skill level 1 in Long Blades
  4451 | D:5      | Reached skill level 6 in Spellcasting
  4726 | D:5      | Noticed Ijyb
  4731 | D:5      | Killed Ijyb
  4733 | D:5      | Noticed Duvessa
  5076 | D:5      | Reached skill level 7 in Spellcasting
  5084 | D:5      | Reached XP level 9. HP: 43/59 MP: 0/0
  5084 | D:5      | Learned a level 3 spell: Spider Form
  5089 | D:5      | Killed Duvessa
  5355 | D:5      | Noticed Dowan
  5359 | D:5      | Killed Dowan
  5481 | D:5      | Reached skill level 8 in Spellcasting
  5648 | D:5      | Noticed Eustachio
  5666 | D:5      | Killed Eustachio
  7464 | D:7      | Found a staircase to the Ecumenical Temple.
  7474 | D:7      | Reached skill level 1 in Maces & Flails
  7610 | D:7      | Noticed a hornet
  7617 | D:7      | Killed a hornet
  7618 | D:7      | Reached XP level 10. HP: 58/67 MP: 0/0
  7665 | D:7      | Found a stormy altar of Qazlal.
  7971 | D:7      | Reached ** piety under Makhleb
  7974 | D:7      | Reached skill level 9 in Spellcasting
  8370 | D:8      | Noticed a death yak
  8528 | D:8      | Noticed Harold
  8531 | D:8      | HP: 1/69 [Harold (8)]
  8532 | D:8      | Demolished by Harold

Illustrated notes

Levels and vault maps discovered:
D:1:      roderic_crop_circles_arrival_small, layout_loops_cross,
          hellmonk_ecumenical_altar_heavens_door, hangedman_decor_lopped,
          minmay_misc_feat_ornament, hangedman_glass_teeth,
          hangedman_decor_growths
D:2:      layout_rooms, serial_shops, shop, shop, shop, basic_altar,
          chequers_hall_statues_wall_a, uniq_natasha
D:3:      layout_loops_ring, gammafunk_ghost_smash, serial_shops,
          nicolae_diamond_shop
D:4:      layout_basic, supply_closet_lemuel, uniq_edmund, uniq_menkaure,
          uniq_sigmund
D:5:      layout_loops_cross, serial_shops, nicolae_square_shop, uniq_ijyb,
          uniq_eustachio, uniq_pikel, uniq_duvessa
D:6:      layout_basic
D:7:      layout_basic, grunt_qazlal_sundering, minmay_temple_entry_junction_2,
          sigmund_army
D:8:      minmay_inner_zag, layout_rooms, dpeg_lair_monsters, uniq_harold

Skill      XL: |  1  2  3  4  5  6  7  8  9 10 |
---------------+-------------------------------+-----
Spellcasting   | 3 4 5 7 8 9 |  9.3
Fighting       | 1 2 3 4 |  4.3
Stealth        | 2 |  2.9
Invocations    | 1 2 4 |  4.2
Long Blades    | 1 |  1.0
Maces & Flails | 1 |  1.4
Dodging        | 3 |  3.2

Action                   |  1- 3 |  4- 6 |  7- 9 | 10-12 || total
-------------------------+-------+-------+-------+-------++-------
Melee: Falchion          |       |    14 |       |       ||    14
       Flail             |       |       |    28 |       ||    28
 Cast: Foxfire           |    30 |    20 |    33 |     9 ||    92
       Scorch            |     3 |    50 |    82 |    32 ||   167
       Conjure Flame     |       |       |     4 |     2 ||     6
       Flame Wave        |       |       |     3 |       ||     3
       Ensorcelled Hiber |       |       |     1 |     1 ||     2
       Ozocubu's Armour  |       |       |       |     1 ||     1
  Use: Scroll            |       |     4 |     7 |       ||    11
       Potion            |       |       |       |     1 ||     1
 Stab: Sleeping          |       |     1 |     1 |       ||     2
Armor: Robe              |     1 |     8 |     8 |     2 ||    19
Dodge: Dodged            |       |    24 |    64 |    15 ||   103

Table legend: (Time is in decaauts)
 A = Elapsed time spent in this place.
 B = Non-inter-level travel time spent in this place.
 C = Inter-level travel time spent in this place.
 D = Time resting spent in this place.
 E = Time spent auto-exploring this place.
 F = Levels seen in this place.
 G = Mean time per level.
                   A        B        C        D        E       F      G
               +--------+--------+--------+--------+--------+-----+--------+
         Total |   8555 |   8223 |    332 |    840 |   6569 |   8 | 1069.4 |
       Dungeon |   8555 |   8223 |    332 |    840 |   6569 |   8 | 1069.4 |
               +--------+--------+--------+--------+--------+-----+--------+

Top non-repeatable levels by time:
     D:3: 1649 daAuts
     D:5: 1509 daAuts
     D:7: 1323 daAuts
     D:4: 1112 daAuts
     D:2: 995 daAuts
     D:1: 948 daAuts
     D:6: 891 daAuts
     D:8: 125 daAuts
